 Dungeon Crawl Stone Soup version 0.31.0-12-g77e489cdc1 (webtiles) character file.

Game seed: 12275158466548933410

151 cdecastro the Changeling (level 5, -1/40 HPs)
             Began as a Draconian Shapeshifter on Mar 2, 2024.
             Slain by Grinder (8 damage)
             ... while paralysed by Grinder
             ... on level 3 of the Dungeon.
             The game lasted 00:04:38 (3464 turns).

cdecastro the Changeling (Draconian Shapeshifter)   Turns: 3464, Time: 00:04:39

Health: -1/40      AC:  5    Str: 16    XL:     5   Next: 11%
Magic:  5/5        EV:  2    Int: 10    God:
Gold:   134        SH:  0    Dex: 13    Spells: 4/4 levels left

rFire   . .          .
                       - Unarmed
rCold   . . .        (no shield)
rNeg    + . .        (body armour unavailable)
rPois   .            (helmet currently unavailable)
rElec   .            (cloak currently unavailable)
rCorr   .            (gloves currently unavailable)
SInv    .            (boots currently unavailable)
Will    .....        (no amulet)
Stlth   +            j - +5 ring of evasion
HPRegen 0.26/turn    r - ring of positive energy
MPRegen 0.09/turn

%: no passive effects
@: paralysed, beast-form
A: beast (slay +2), AC +5, unfitting armour, cold-blooded
a: Begin Untransformation


You were on level 3 of the Dungeon.
You were a hulking beast.
You visited 1 branch of the dungeon, and saw 4 of its levels.

You collected 134 gold pieces.

Inventory:

Missiles
 h - 4 javelins (quivered)
Armour
 s - a +0 pair of boots
Magical Staves
 p - a staff of fire
Jewellery
 j - a +5 ring of evasion (left hand)
 r - a ring of positive energy (right hand)
Talismans
 b - a beast talisman
 c - a flux talisman
 o - a blade talisman
Wands
 m - a wand of flame (20)
Scrolls
 e - a scroll of noise {unknown}
 f - 2 scrolls of fog {unknown}
 k - a scroll of enchant armour {unknown}
 l - 4 scrolls of identify {unknown}
 n - 2 scrolls of fear {unknown}
 t - a scroll of blinking {unknown}
Potions
 a - 2 potions of curing {unknown}
 d - a potion of heal wounds {unknown}
 g - 2 potions of cancellation {unknown}
 i - a potion of haste {unknown}
 q - a potion of berserk rage {unknown}


   Skills:
 - Level 1.1 Fighting
 - Level 1.7 Dodging
 + Level 4.1 Unarmed Combat
 * Level 4.8 Shapeshifting


You had 4 spell levels left.
You didn't know any spells.
Your spell library contained the following spells:

 Spells                   Type           Power      Damage    Failure   Level
 Freeze                   Ice            0%         1d3       36%         1
 Sandblast                Erth           0%         2d4       36%         1
 Cigotuvi's Dreadful Rot  Necr/Alch/Air  0%         N/A       50%         2
 Ensorcelled Hibernation  Hex/Ice        0%         N/A       50%         2
 Passwall                 Erth           0%         N/A       75%         3
 Stone Arrow              Conj/Erth      0%         3d7       75%         3
 Swiftness                Air            0%         N/A       75%         3
 Airstrike                Air            0%         2d(0-16)  98%         4
 Brom's Barrelling Bould  Conj/Erth      0%         2d3       98%         4
 Ignite Poison            Fire/Alch      0%         N/A       98%         4
 Leda's Liquefaction      Alch/Erth      0%         N/A       98%         4
 Sticky Flame             Fire/Alch      0%         2d4       98%         4
 Freezing Cloud           Conj/Ice/Air   0%         6-21      100%        5
 Conjure Ball Lightning   Conj/Air       0%         3x3d6     100%        6
 Infestation              Necr           0%         N/A       100%        8
 Chain Lightning          Conj/Air       0%         N/A       100%        9


Dungeon Overview and Level Annotations

Branches:
Dungeon (4/15)
 Temple: D:4-7

Altars:

Annotations:
D:3 Grinder
D:4 1 runed translucent door, KennySheep's ghost, amateur HOMo


Innate Abilities, Weirdness & Mutations

You are a hulking beast.
Your limbs bulge with bestial killing power. (Slay +2)
Your plain brown scales are hard. (AC +5)
You cannot fit into any form of body armour.
You are cold-blooded and may be slowed by cold attacks.


Message History

You hit Grinder.
Your tail-slap misses Grinder.
Grinder is moderately wounded.
Grinder blinks!
Grinder gestures at you. Pain shoots through your body!
You punch Grinder!
You tail-slap Grinder, but do no damage.
Grinder is heavily wounded.
Grinder blinks!
You hit Grinder.
Grinder is heavily wounded.
Grinder barely misses you.
You closely miss Grinder.
Grinder is heavily wounded.
Grinder gestures at you. Pain shoots through your body!
You barely miss Grinder.
Grinder is heavily wounded.
Grinder hits you!
* * * LOW HITPOINT WARNING * * *
You barely miss Grinder.
Grinder is heavily wounded.
Grinder says, "Make like a tree!"
Grinder completely misses you.
You barely miss Grinder.
Your tail-slap misses Grinder.
Grinder is heavily wounded.
Grinder hits you.
* * * LOW HITPOINT WARNING * * *
Unknown command.
You closely miss Grinder.
Grinder is heavily wounded.
Grinder hits you.
* * * LOW HITPOINT WARNING * * *
You hit Grinder.
Grinder is heavily wounded.
Grinder gestures at you.
You suddenly lose the ability to move!
Grinder hits you!
You die...
Grinder says, "Hey, I wasn't done torturing you yet!"

#..............................>.
#....###.###.######.....####.##.#
.......#.# #.# #.....# #.##.#
#.##.#.#.###.#########..## #.##.#
#........##.........[....###.##.#
####.#.####....5..)#####.....##..
#.#.####........# #.##...#..
####.#.##....#####.# #.###....#
.......##....+..h5.# #.# #.#..#
.......##....###########.# #.##..
...........5.............# #.##..
......###....####....#######.####
.....)...............'...........
......###....##......##......####
......# #....##......##..........
......# #....##..######........##
......# #######..# #........#


You could see Grinder.

Vanquished Creatures
  A hound (D:4)
  4 adders
  A white imp (D:4)
  A dart slug (D:1)
  2 ribbon worms (D:2)
  4 orcs
  4 ball pythons
  8 endoplasms
  6 giant cockroaches
  7 goblins
  2 hobgoblins
  4 jackals
  4 kobolds
  5 quokkas
  4 bats (D:2)
  4 frilled lizards
  4 rats
65 creatures vanquished.

Notes
Turn   | Place    | Note
-------+----------+-------------------------------------------
     0 | D:1      | cdecastro the Draconian Shapeshifter began the quest for
                  | the Orb.
     0 | D:1      | Reached XP level 1. HP: 16/16 MP: 1/1
   198 | D:1      | Got the Quarto of Differential Sinister Liturgies
   254 | D:1      | Reached XP level 2. HP: 9/23 MP: 2/2
   503 | D:1      | Got the Vellum of the Niveous Zephyr
  1245 | D:2      | Reached XP level 3. HP: 27/28 MP: 3/3
  2036 | D:3      | Noticed Grinder
  2036 | D:3      | Paralysed by Grinder for 4 turns
  2111 | D:3      | Reached XP level 4. HP: 35/35 MP: 4/4
  2177 | D:3      | Paralysed by Grinder for 5 turns
  2796 | D:3      | Paralysed by Grinder for 4 turns
  2805 | D:3      | Paralysed by Grinder for 4 turns
  2812 | D:3      | Paralysed by Grinder for 4 turns
  2822 | D:3      | Paralysed by Grinder for 5 turns
  2982 | D:4      | Found a runed translucent door.
  2983 | D:4      | Noticed KennySheep's ghost (amateur HOMo)
  3052 | D:4      | Reached XP level 5. HP: 40/40 MP: 5/5
  3262 | D:4      | Noticed an ogre
  3463 | D:3      | Paralysed by Grinder for 4 turns
  3464 | D:3      | Slain by Grinder

Illustrated notes

Levels and vault maps discovered:
D:1:      kilobyte_arrival_exit_the_forest, layout_basic
D:2:      layout_basic, minmay_unequal
D:3:      layout_basic, uniq_grinder
D:4:      layout_basic, ebering_ghost_sewer_f, st_stairs_12, uniq_edmund

Skill      XL: |  1  2  3  4 |
---------------+-------------+-----
Shapeshifting  | 4 |  4.8
Unarmed Combat | 4 |  4.1
Fighting       | |  1.1
Dodging        | |  1.7

Action                     |  1- 3 |  4- 6 || total
---------------------------+-------+-------++-------
  Melee: Unarmed           |   126 |    74 ||   200
         Tailslap          |    15 |    10 ||    25
         Punch             |     4 |     1 ||     5
    Use: Potion            |     1 |       ||     1
 Armour: Skin              |    63 |    34 ||    97
  Dodge: Dodged            |    77 |    46 ||   123
